 Dungeon Crawl Stone Soup version 0.20.0-15-g7f486f2 (webtiles) character file.

1005 Chiseanne the Conjurer (level 8, 46/52 HPs)
             Began as a Demonspawn Wizard on June 14, 2017.
             Was a Believer of Vehumet.
             Quit the game on level 6 of the Dungeon.
             The game lasted 00:13:27 (7480 turns).

Chiseanne the Conjurer (Demonspawn Wizard)          Turns: 7480, Time: 00:13:27

Health: 46/52      AC:  8    Str:  8    XL:     8   Next: 0%
Magic:  11/17      EV: 18    Int: 22    God:    Vehumet [**....]
Gold:   255        SH:  0    Dex: 11    Spells: 11/20 levels left

rFire    + . .     SeeInvis .   a - +1 mace
rCold    . . .     Gourm    .   (no shield)
rNeg     . . .     Faith    .   k - +0 robe
rPois    .         Spirit   .   u - +0 helmet
rElec    .         Reflect  .   (no cloak)
rCorr    .         Harm     .   (no gloves)
MR       .....                  C - +0 pair of boots
Stlth    ++........             (no amulet)
Regen    0.2/turn               A - ring of protection from fire
MPRegen  0.2/turn               n - +6 ring of evasion

@: no status effects
A: hooves 1, iridescent scales 2, powered by death 1
a: Renounce Religion


You were on level 6 of the Dungeon.
You worshipped Vehumet.
Vehumet was pleased with you.
You were hungry.

You visited 2 branches of the dungeon, and saw 7 of its levels.
You also visited: Sewer.

You collected 255 gold pieces.

Inventory:

Hand Weapons
 a - a +1 mace (weapon)
 s - a +3 club
Missiles
 g - 76 arrows
 h - 49 sling bullets
 o - 23 bolts
Armour
 k - a +0 robe (worn)
 u - a +0 helmet (worn)
 C - a +0 pair of boots (worn)
Jewellery
 n - a +6 ring of evasion (right hand)
 A - a ring of protection from fire (left hand)
 I - an uncursed ring of flight
Wands
 r - a wand of digging (22/24)
 v - a wand of digging (19/24)
 D - a wand of random effects (22/48)
Scrolls
 c - 4 scrolls of magic mapping
 t - 2 scrolls of remove curse
 w - 3 scrolls of amnesia
 y - 4 scrolls of teleportation
 E - a scroll of fog
 G - a scroll of fear
 H - a scroll of enchant weapon
Potions
 b - 2 potions of haste
 e - a potion of mutation
 f - 2 potions of might
 i - 6 potions of curing
 j - a potion of degeneration {unknown}
 m - 6 potions of heal wounds
 p - a potion of flight {unknown}
 q - a potion of ambrosia {unknown}
 z - a potion of invisibility {unknown}
 B - a potion of lignification {unknown}
 F - 2 potions of magic
Comestibles
 d - 4 bread rations
 l - 3 meat rations
 x - 3 royal jellies


   Skills:
 - Level 1.7 Dodging
 - Level 1.7 Stealth
 * Level 6.5 Spellcasting
 * Level 6.6 Conjurations
   Level 1.0 Summonings
 - Level 0.8 Translocations


You had 11 spell levels left.
You knew the following spells:

 Your Spells              Type           Power        Failure   Level  Hunger
a - Magic Dart            Conj           ####         1%          1    None
b - Blink                 Tloc           N/A          9%          2    None
c - Conjure Flame         Conj/Fire      ###.....     6%          3    #......
d - Mephitic Cloud        Conj/Pois/Air  ###.....     11%         3    #......


Dungeon Overview and Level Annotations

Branches:
Dungeon (6/15)             Temple (1/1) D:4

Altars:
Ashenzari
Cheibriados
Dithmenos
Elyvilon
Fedhas
Okawaru
Qazlal
Ru
Uskayaw
Vehumet
Xom
Yredelemnul
Zin
The Shining One


Innate Abilities, Weirdness & Mutations

You have large cloven feet.
You are mostly covered in iridescent scales. (AC +4)
You regenerate a little health from kills.


Message History

The magic dart hits the orc.
The orc is almost dead.
The orc shouts!
You hear a shout!
Casting: Magic Dart
Confirm with . or Enter, or press ? or * to list all spells.
Aiming: Magic Dart
Press: ? - help, Shift-Dir - straight line, f/p - orc
Aim: an orc, wielding a club (almost dead)
The magic dart hits the orc.
You kill the orc!
Vehumet accepts your kill.
Casting: Magic Dart
Confirm with . or Enter, or press ? or * to list all spells.
Aiming: Magic Dart
Press: ? - help, Shift-Dir - straight line, f - you That beam is likely to hit you.
Continue anyway? [Y]es or [N]o only, please.
That beam is likely to hit you.
Continue anyway?
Okay, then.
Are you sure you want to abandon this character and quit the game? (Confirm with "yes".)

## #<# #.# #.# #.# #.#
#############.#######
#.).@................
.......#####....##.######.
######. #.##.##.# #. ..
#.##.##.# #. ##) #.##....#
#. .. #.####### #. .. #.#
#. #> +.. #. ### ..


There were no monsters in sight!

Vanquished Creatures
  A sky beast (D:5)
  An ice beast (D:6)
  An ogre (D:6)
  2 bullfrogs (Sewer)
  A scorpion (D:5)
  A howler monkey (D:4)
  A hound (D:4)
  A jelly (D:5)
  An orc wizard (D:6)
  2 worker ants
  Robin (D:3)
  7 gnolls
  12 adders
  A howler monkey skeleton (D:4)
  3 river rats (Sewer)
  A shadow imp (D:6)
  2 oozes (Sewer)
  An adder skeleton (D:6)
  2 worms
  6 dart slugs
  2 leopard geckos
  8 orcs
  14 ball pythons
  9 giant cockroaches
  20 goblins
  9 hobgoblins
  4 jackals
  5 kobolds
  A quokka (D:3)
  6 bats
  7 frilled lizards
  A jackal skeleton (D:5)
  A quokka zombie (D:6)
  34 rats
169 creatures vanquished.

Notes
Turn   | Place    | Note
-------+----------+-------------------------------------------
     0 | D:1      | Chiseanne the Demonspawn Wizard began the quest for the Orb.
     0 | D:1      | Reached XP level 1. HP: 13/13 MP: 4/4
   496 | D:1      | Gained mutation: You regenerate a little health from kills. [demonic ancestry]
   496 | D:1      | Reached XP level 2. HP: 19/19 MP: 0/6
  1123 | D:1      | Gained mutation: You are partially covered in iridescent scales. (AC +2) [demonic ancestry]
  1123 | D:1      | Reached XP level 3. HP: 24/24 MP: 2/8
  1798 | D:1      | Learned a level 2 spell: Blink
  1802 | D:1      | Learned a level 3 spell: Conjure Flame
  1806 | D:1      | Learned a level 3 spell: Mephitic Cloud
  2438 | D:2      | Reached XP level 4. HP: 30/30 MP: 5/9
  2806 | D:2      | Found a glowing silver altar of Zin.
  2806 | D:2      | Noticed an angel
  2943 | D:3      | Noticed Robin
  3409 | D:3      | Killed Robin
  3409 | D:3      | Gained mutation: You are mostly covered in iridescent scales. (AC +4) [demonic ancestry]
  3409 | D:3      | Reached XP level 5. HP: 35/35 MP: 1/11
  3773 | D:3      | Found a sacrificial altar of Ru.
  4592 | D:4      | Found a shattered altar of Ashenzari.
  4864 | D:4      | Found a staircase to the Ecumenical Temple.
  4880 | Temple   | Entered the Ecumenical Temple
  4905 | Temple   | Became a worshipper of Vehumet
  4993 | D:4      | Reached XP level 6. HP: 39/41 MP: 6/13
  5050 | D:5      | Entered Level 5 of the Dungeon
  5174 | D:5      | Reached skill level 5 in Spellcasting
  5175 | D:5      | Found a glowing drain.
  5253 | Sewer    | Entered a sewer
  5510 | Sewer    | Reached skill level 5 in Conjurations
  5738 | Sewer    | Reached * piety under Vehumet
  5738 | Sewer    | Offered knowledge of Freeze by Vehumet.
  6211 | Sewer    | Reached XP level 7. HP: 46/46 MP: 9/15
  7476 | D:6      | Reached ** piety under Vehumet
  7476 | D:6      | Gained mutation: You have large cloven feet. [demonic ancestry]
  7476 | D:6      | Reached XP level 8. HP: 45/52 MP: 13/17
  7480 | D:6      | Quit the game

Skill      XL: |  1  2  3  4  5  6  7 |
---------------+----------------------+-----
Conjurations   | 2 3 4 5 6 |  6.6
Spellcasting   | 4 5 6 |  6.5
Dodging        | |  1.7
Stealth        | |  1.7
Summonings     | |  1.0
Translocations | |  0.8

Action                   |  1- 3 |  4- 6 |  7- 9 || total
-------------------------+-------+-------+-------++-------
Melee: Unarmed           |    13 |       |       ||    13
       Dagger            |     2 |       |       ||     2
       Mace              |     2 |    34 |    12 ||    48
 Cast: Magic Dart        |   107 |   234 |    94 ||   435
       Mephitic Cloud    |       |     5 |     2 ||     7
       Blink             |       |     5 |       ||     5
       Conjure Flame     |       |       |     2 ||     2
  Use: Scroll            |     4 |    12 |     2 ||    18
 Stab: Confused          |       |     1 |       ||     1
  Eat: Chunk             |     4 |    11 |     4 ||    19
       Fruit             |       |     1 |       ||     1
Armor: Robe              |     6 |    15 |     6 ||    27
Dodge: Dodged            |    23 |    97 |    15 ||   135
